 Dungeon Crawl Stone Soup version 0.18-a0-1773-gec4f98e (webtiles) character file.

12 M4edhros the Grave Robber (level 2, -4/17 HPs)
             Began as an Octopode Necromancer on Apr 14, 2016.
             Killed from afar by a dart slug (7 damage)
             ... with a slug dart
             ... on level 1 of the Dungeon.
             The game lasted 00:00:43 (175 turns).

M4edhros the Grave Robber (Octopode Necromancer)     Turns: 175, Time: 00:00:44

Health: -4/17      AC:  1    Str:  7    XL:     2   Next: 33%
Magic:  2/5        EV: 12    Int: 17    God:
Gold:   17         SH:  0    Dex: 12    Spells: 1 memorised, 4 levels left

rFire  . . .     SeeInvis .       - Unarmed
rCold  . . .     Gourm    .     (no shield)
rNeg   . . .     Faith    .     (helmet restricted)
rPois  .         Spirit   .     (no amulet)
rElec  .         Dismiss  .     (no ring)
rCorr  .         Reflect  .     (no ring)
SustAt .         Harm     .     (no ring)
MR     .....                    (no ring)
Stlth  +++.......               (no ring)
                                (no ring)
                                (no ring)
                                (no ring)

@: not resistant to hostile enchantments, fairly stealthy
A: almost no armour, amphibious, 8 rings, constrict 8, camouflage 1, gelatinous
body 1
a: no special abilities


You were on level 1 of the Dungeon.
You were not hungry.

You visited 1 branch of the dungeon, and saw 1 of its levels.

You collected 17 gold pieces.

Inventory:

Books
 a - a book of Necromancy

   Spells                             Type                      Level
   a - Pain                           Necromancy                   1
   b - Animate Skeleton               Necromancy                   1
   c - Vampiric Draining              Necromancy                   3
   d - Regeneration                   Charms/Necromancy            3
   e - Animate Dead                   Necromancy                   4
   f - Control Undead                 Necromancy                   4
Comestibles
 b - a bread ration
 c - 4 chunks of flesh


   Skills:
 - Level 2.0 Dodging
 - Level 2.6 Stealth
 + Level 1.9 Unarmed Combat
 - Level 2.0 Spellcasting
 - Level 4.0 Necromancy


You had 4 spell levels left.
You knew the following spells:

 Your Spells              Type           Power        Failure   Level  Hunger
a - Pain                  Necr           ###.         3%          1    #......


Dungeon Overview and Level Annotations

Branches:
Dungeon (1/15)

Altars:


Innate Abilities, Weirdness & Mutations

You cannot wear most types of armour.
You are amphibious.
You can wear up to eight rings at the same time.
You can use your tentacles to constrict eight enemies at once.
Your skin changes colour to match your surroundings (Stealth).
Your rubbery body absorbs attacks (AC +1).


Message History

The giant cockroach is severely wounded.
You constrict the giant cockroach, but do no damage.
The giant cockroach misses you.
Casting: Pain
Confirm with . or Enter, or press ? or * to list all spells.
Aiming: Pain
Press: ? - help, Shift-Dir - straight line, f - giant cockroach
Aim: a giant cockroach (severely wounded, constricted by you, chance to defeat MR: 92%)
The giant cockroach convulses in agony!
You kill the giant cockroach!
You see here a giant cockroach corpse.
You butcher the giant cockroach corpse.
c - 4 chunks of flesh (gained 2)
A dart slug comes into view.
Found a ring mail and an amethyst potion.
A hobgoblin comes into view. It is wielding a club.
The hobgoblin shouts!
The dart slug launches a dart at you. The slug dart hits you!
You die...

#.#.#####.##.................
#.#.# #...............#..##
##.#.# ####.##....†.........
##....# #............†...#
##.....########..#..#....##..#.#
#...............###......##..#.#
##.....#######...#..#.#####.....
##...## #.....##.# #..#.. ##.##
#.@#..##.. ..##.. ### #..#..#
#####.. #..# # #..# #..# #gw#
#..# ..... .#...[g.


You could see a dart slug and a hobgoblin.

Vanquished Creatures
  A dart slug (D:1)
  A giant gecko (D:1)
  2 giant cockroaches (D:1)
  2 hobgoblins (D:1)
  A giant newt (D:1)
  A kobold (D:1)
  A rat (D:1)
9 creatures vanquished.

Notes
Turn   | Place    | Note
--------------------------------------------------------------
     0 | D:1      | M4edhros the Octopode Necromancer began the quest for the Orb.
     0 | D:1      | Reached XP level 1. HP: 11/11 MP: 3/3
    85 | D:1      | Reached skill level 1 in Unarmed Combat
   101 | D:1      | Reached XP level 2. HP: 9/17 MP: 0/5
   175 | D:1      | Killed from afar by a dart slug

Vault maps used:
D:1:      scummos_arrival_forest

Skill      XL: |  1 |
---------------+----+-----
Unarmed Combat | 1 |  1.9
Dodging        | |  2.0
Stealth        | |  2.6
Spellcasting   | |  2.0
Necromancy     | |  4.0

Action                   || total
-------------------------++-------
Melee: Unarmed           ||    10
       Constrict         ||     3
 Cast: Pain              ||    10
 Stab: Sleeping          ||     1
Dodge: Dodged            ||     3
